 Dungeon Crawl Stone Soup version 0.22.1-1-ga44c0e56f4 (webtiles) character file.

3857 FreshCat the Grave Robber (level 9, -3/65 HPs)
             Began as a Demonspawn Necromancer on Oct 12, 2018.
             Was a Believer of Vehumet.
             Slain by a death yak (24 damage)
             ... on level 8 of the Dungeon on Oct 13, 2018.
             The game lasted 00:56:57 (10030 turns).

FreshCat the Grave Robber (Demonspawn Necromancer) Turns: 10030, Time: 00:56:58

Health: -3/65      AC: 19    Str: 11    XL:     9   Next: 99%
Magic:  18/18      EV: 14    Int: 17    God:    Vehumet [**....]
Gold:   448        SH:  0    Dex: 14    Spells: 12/20 levels left

rFire    . . .     SeeInvis .   z - +4 quarterstaff (chaos)
rCold    + . .     Gourm    .   (shield currently unavailable)
rNeg     . . .     Faith    +   u - +3 leather armour {rC+}
rPois    .         Spirit   .   (no helmet)
rElec    .         Reflect  .   s - +2 cloak
rCorr    +         Harm     .   n - +2 pair of gloves
MR       +....                  p - +2 pair of boots
Stlth    +++.......             r - amulet of faith
HPRegen  0.20/turn              (no ring)
MPRegen  0.16/turn              j - ring of protection from magic

@: no status effects
A: yellow scales 3, demonic guardian 1, foul stench 1, rot immunity
a: Renounce Religion


You were on level 8 of the Dungeon.
You worshipped Vehumet.
Vehumet was pleased with you.
You were not hungry.

You visited 2 branches of the dungeon, and saw 10 of its levels.

You collected 448 gold pieces.

Inventory:

Hand Weapons
 z - a +4 quarterstaff of chaos (weapon)
Missiles
 g - 188 stones (quivered)
 m - 11 javelins
Armour
 n - a +2 pair of gloves (worn)
 p - a +2 pair of boots (worn)
 s - a +2 cloak (worn)
 u - a +3 leather armour of cold resistance (worn)
Jewellery
 j - a ring of protection from magic (right hand)
 r - an amulet of faith (around neck)
 w - an uncursed ring of fire
Wands
 h - a wand of scattershot (6)
 y - a wand of flame (35)
Scrolls
 b - 2 scrolls of blinking
 d - 2 scrolls of magic mapping
 e - 4 scrolls of teleportation
 k - 3 scrolls of fog
 l - 6 scrolls of identify
 x - 4 scrolls of remove curse
 C - a scroll of noise {unknown}
Potions
 a - 2 potions of mutation
 f - a potion of haste
 i - 2 potions of curing
 o - a potion of resistance
 q - 5 potions of flight
 t - 2 potions of heal wounds
 v - a potion of lignification {unknown}
 A - a potion of agility {unknown}
Comestibles
 c - 18 rations
 B - 4 chunks of flesh


   Skills:
 * Level 4.2 Fighting
 * Level 5.6 Staves
 + Level 2.0 Armour
 * Level 5.1 Dodging
 * Level 5.5 Stealth
 + Level 6.4 Spellcasting
 + Level 0.6 Conjurations
 + Level 7.9 Necromancy
 + Level 0.6 Air Magic


You had 12 spell levels left.
You knew the following spells:

 Your Spells              Type           Power        Failure   Level  Hunger
a - Pain                  Necr           ####         1%          1    None
b - Regeneration          Chrm/Necr      ###.......   10%         3    ##.....
c - Vampiric Draining     Necr           ####......   1%          3    ##.....
d - Shock                 Conj/Air       #...         12%         1    None

Your spell library contained the following spells:

 Spells                   Type           Power        Failure   Level  Hunger
 Sandblast                Erth           #.....       16%         1    None
 Animate Skeleton         Necr           N/A          1%          1    None
 Animate Dead             Necr           N/A          6%          4    ####...


Dungeon Overview and Level Annotations

Branches:
Dungeon (9/15)             Temple (1/1) D:5            Lair (0/6) D:8
    Orc: D:9-12

Altars:
Ashenzari
Cheibriados
Dithmenos
Elyvilon
Fedhas
Gozag
Hepliaklqana
Kikubaaqudgha
Makhleb
Nemelex Xobeh
Okawaru
Qazlal
Ru
Sif Muna
Trog
Uskayaw
Vehumet
Wu Jian
Xom
Yredelemnul
Zin
The Shining One

Annotations:
D:6 3 runed doors, exclusion: downstairs, Cykl0x's ghost, novice GrBe; PeterQ's ghost, novice SpEn; Zaque's ghost, novice TrCj; kakkapete22's ghost, novice OpFi


Innate Abilities, Weirdness & Mutations

You are completely covered in yellow scales. (AC +4, rCorr)
A weak demonic guardian rushes to your aid.
You may emit foul miasma when damaged in melee.
You are immune to rotting.


Message History

Aiming: Shock (safe; 12% risk of failure)
Press: ? - help, Shift-Dir - straight line, f - quokka, p - death yak
Aim: a quokka The zap hits the death yak.
The death yak appears unharmed.
The zap misses the quokka.
Your ufetubus disappears in a puff of smoke!
You hit the death yak but do no damage.
Lightning courses through the death yak!
The death yak is moderately wounded.
The death yak gores you!
You sock the death yak! You drain the death yak!
The death yak is heavily wounded.
The death yak gores you.
You hit the death yak.
The death yak is heavily wounded.
The death yak gores you!!
You swap places.
The death yak gores your shadow imp!!
Your shadow imp dies!
The death yak gores you!!
You die...

##..)## ##.###)##
##.## ##.##
#####.## ##.#
#.....# #.# ...##.#
##.# ...###.# ##.##
...#
#.###.###########..
####
#.....rrY@.......#
#####.############
..... ....r....
#........%.. ###
#........Y#.. ..
.......Y>.r . .##
###.....r.#Y ..


You could see a death yak, a river rat and a quokka.

Vanquished Creatures
  A death yak (D:8)
  Prince Ribbit (D:7)
  A hungry ghost (D:7)
  Menkaure (D:7)
  Edmund (D:6)
  Duvessa (D:7)
  4 ice beasts
  2 orc warriors
  A phantom (D:4)
  A necrophage (D:6)
  An ogre (D:8)
  A centaur (D:7)
  2 bullfrogs (D:6)
  A gnoll sergeant (D:6)
  2 scorpions
  Dowan (D:7)
  A howler monkey (D:4)
  A crimson imp (D:6)
  2 orc priests (D:8)
  Crazy Yiuf (D:4)
  2 hounds
  A jelly (D:8)
  10 orc wizards
  Jessica (D:2)
  An iguana (D:3)
  6 worker ants
  3 hound skeletons
  A hound zombie (D:7)
  4 gnolls (D:6)
  7 adders
  A shadow imp (D:6)
  2 worms
  A dart slug (D:3)
  3 leopard geckos
  23 orcs
  5 bats
  3 giant cockroaches
  7 goblins
  7 hobgoblins
  5 kobolds
  3 quokkas
  2 ball pythons
  5 frilled lizards
  8 rats
138 creatures vanquished.

Vanquished Creatures (collateral kills)
  Joseph (D:7)
  2 centaurs
  An ogre (D:6)
  An orc priest (D:5)
  2 orc wizards
  A gnoll (D:6)
  3 orcs
11 creatures vanquished.

Vanquished Creatures (others)
  2 withered plants (D:6)
2 creatures vanquished.

Grand Total: 151 creatures vanquished

Notes
Turn   | Place    | Note
-------+----------+-------------------------------------------
     0 | D:1      | FreshCat the Demonspawn Necromancer began the quest for the
                  | Orb.
     0 | D:1      | Reached XP level 1. HP: 13/13 MP: 3/3
   689 | D:1      | Gained mutation: A weak demonic guardian rushes to your
                  | aid. [demonic ancestry]
   689 | D:1      | Reached XP level 2. HP: 18/19 MP: 1/5
  1006 | D:2      | Noticed Jessica
  1010 | D:2      | Killed Jessica
  1010 | D:2      | Reached skill level 5 in Necromancy
  1010 | D:2      | Reached XP level 3. HP: 22/24 MP: 2/6
  1167 | D:1      | Learned a level 3 spell: Regeneration
  2373 | D:2      | Learned a level 3 spell: Vampiric Draining
  2571 | D:2      | Found a deep blue altar of Sif Muna.
  2604 | D:2      | Gained mutation: You are partially covered in yellow
                  | scales. (AC +2) [demonic ancestry]
  2604 | D:2      | Reached XP level 4. HP: 24/30 MP: 0/8
  3390 | D:3      | Found a snail-covered altar of Cheibriados.
  3829 | D:5      | Entered Level 5 of the Dungeon
  3851 | D:4      | Noticed a phantom
  3885 | D:4      | Reached XP level 5. HP: 32/35 MP: 5/10
  4392 | D:4      | Reached skill level 6 in Necromancy
  4392 | D:4      | Gained mutation: You are mostly covered in yellow scales.
                  | (AC +3) [demonic ancestry]
  4392 | D:4      | Reached XP level 6. HP: 38/41 MP: 7/12
  4765 | D:4      | Found a runed door.
  4769 | D:4      | Noticed Crazy Yiuf
  4775 | D:4      | Killed Crazy Yiuf
  5233 | D:4      | Found a bloodstained altar of Trog.
  5255 | D:4      | Found a glowing golden altar of the Shining One.
  5618 | D:5      | Gained mutation: You are immune to rotting. [demonic
                  | ancestry]
  5618 | D:5      | Reached XP level 7. HP: 43/47 MP: 9/14
  5752 | D:6      | Reached skill level 1 in Fighting
  5752 | D:6      | Reached skill level 1 in Staves
  5909 | D:5      | Reached skill level 5 in Spellcasting
  6253 | D:5      | Found a staircase to the Ecumenical Temple.
  6262 | Temple   | Entered the Ecumenical Temple
  7022 | D:6      | Found a radiant altar of Vehumet.
  7035 | D:6      | Gained mutation: You are completely covered in yellow
                  | scales. (AC +4, rCorr) [demonic ancestry]
  7035 | D:6      | Reached XP level 8. HP: 16/56 MP: 15/15
  7262 | D:6      | Became a worshipper of Vehumet
  7352 | D:6      | Reached skill level 7 in Necromancy
  7364 | D:6      | Noticed Edmund
  7378 | D:6      | Killed Edmund
  7494 | D:6      | Found a runed gate.
  7494 | D:6      | Found a runed gate.
  7494 | D:6      | Found a runed gate.
  7494 | D:6      | Noticed kakkapete22's ghost (novice OpFi)
  7496 | D:6      | Noticed Cykl0x's ghost (novice GrBe)
  7496 | D:6      | Noticed Zaque's ghost (novice TrCj)
  7500 | D:6      | Noticed PeterQ's ghost (novice SpEn)
  7616 | D:6      | Found a deep blue altar of Sif Muna.
  7921 | D:7      | Noticed Duvessa
  7921 | D:7      | Noticed Dowan
  7926 | D:7      | Killed Dowan
  8236 | D:6      | Found a white marble altar of Elyvilon.
  8463 | D:7      | Reached * piety under Vehumet
  8463 | D:7      | Offered knowledge of Shock by Vehumet.
  8489 | D:7      | Learned a level 1 spell: Shock
  8561 | D:7      | Gained mutation: You may emit foul miasma when damaged in
                  | melee. [demonic ancestry]
  8561 | D:7      | Reached XP level 9. HP: 64/64 MP: 17/17
  8572 | D:7      | Found a stormy altar of Qazlal.
  8572 | D:7      | Found an iron altar of Okawaru.
  8596 | D:7      | Noticed Menkaure
  8603 | D:7      | Killed Menkaure
  8920 | D:7      | Noticed Prince Ribbit
  8928 | D:7      | Killed Prince Ribbit
  8928 | D:7      | Reached skill level 1 in Armour
  9239 | D:7      | Killed Duvessa
  9239 | D:7      | Reached skill level 5 in Stealth
  9333 | D:7      | Noticed Joseph
  9345 | D:7      | Killed Joseph
  9578 | D:8      | Reached skill level 5 in Staves
  9993 | D:8      | Found a staircase to the Lair.
  9993 | D:8      | Noticed a death yak
  9993 | D:8      | Noticed a death yak
  9994 | D:8      | Noticed a death yak
 10013 | D:8      | Offered knowledge of Sandblast by Vehumet.
 10024 | D:8      | Killed a death yak
 10024 | D:8      | Reached ** piety under Vehumet
 10024 | D:8      | Reached skill level 5 in Dodging
 10030 | D:8      | Slain by a death yak

Skill      XL: |  1  2  3  4  5  6  7  8  9 |
---------------+----------------------------+-----
Dodging        | 2 3 5 |  5.1
Stealth        | 2 3 4 5 |  5.5
Necromancy     | 5 6 7 |  7.9
Spellcasting   | 3 4 5 6 |  6.4
Fighting       | 2 3 4 |  4.2
Staves         | 2 4 5 |  5.6
Armour         | 2 |  2.0
Conjurations   | |  0.6
Air Magic      | |  0.6

Action                   |  1- 3 |  4- 6 |  7- 9 || total
-------------------------+-------+-------+-------++-------
Melee: Unarmed           |     7 |     2 |       ||     9
       Quarterstaff      |       |    17 |   226 ||   243
Throw: Stone             |     7 |       |       ||     7
 Cast: Pain              |    70 |    91 |    92 ||   253
       Vampiric Draining |       |     4 |     3 ||     7
       Shock             |       |       |    13 ||    13
       Regeneration      |       |       |     1 ||     1
  Use: Scroll            |       |    16 |     5 ||    21
       Potion            |       |       |     4 ||     4
 Stab: Paralysed         |       |       |     6 ||     6
       Sleeping          |       |       |     1 ||     1
  Eat: Chunk             |     6 |     9 |    11 ||    26
       Ration            |       |       |     3 ||     3
Armor: Robe              |     5 |    18 |    14 ||    37
       Leather armour    |       |       |    79 ||    79
Dodge: Dodged            |    15 |    25 |   100 ||   140
